 Dungeon Crawl Stone Soup version 0.17.1-2-g5865329 (webtiles) character file.

119 SwimG the Shooter (level 4, -1/39 HPs)
             Began as a Deep Dwarf Hunter on Feb 9, 2016.
             Slain by a wight
             ... wielding a +1 scimitar of freezing
              (8 damage)
             ... on level 6 of the Dungeon.
             The game lasted 00:26:26 (2299 turns).

SwimG the Shooter (Deep Dwarf Hunter)               Turns: 2299, Time: 00:26:26

Health: -1/39      AC:  4    Str: 13 (16) XL:     4   Next: 73%
Magic:  4/4        EV:  7    Int: 12      God:
Gold:   99         SH: 10    Dex: 13      Spells: 0 memorised, 3 levels left

rFire  . . .     SeeInvis .     i - +0 long sword
rCold  . . .     Clarity  .     l - +0 leather armour
rNeg   . . .     SustAt   +     o - +0 large shield
rPois  .         Gourm    .     (no helmet)
rElec  .         Spirit   .     (no cloak)
rCorr  .         Warding  .     (no gloves)
rMut   .         Stasis   .     u - +0 pair of boots
MR     .....                    (no amulet)
Stlth  +.........               (no ring)
                                d - ring of sustain attributes

@: non-regenerating, not resistant to hostile enchantments, very unstealthy
A: damage resistance, recharge devices, claws 1, sense surroundings 1, slow
regeneration 3
a: Device Recharging


You were on level 6 of the Dungeon.
You were not hungry.

You visited 1 branch of the dungeon, and saw 4 of its levels.

You collected 99 gold pieces.

Inventory:

Hand Weapons
 a - a +1 shortbow
 b - a +0 short sword
 i - a +0 long sword (weapon)
 j - a +0 whip
 k - a +0 dagger
 m - a +0 short sword
 s - a +0 short sword
 v - a +0 dagger
 w - a +0 dagger
 y - a +0 dagger
Missiles
 g - 8 arrows
Armour
 c - a +0 leather armour
 l - a +0 leather armour (worn)
 o - a +0 large shield (worn)
 p - a cursed +0 robe
 u - a +0 pair of boots (worn)
Jewellery
 d - a ring of sustain attributes (left claw)
Wands
 e - a wand of heal wounds (5)
Scrolls
 h - 2 scrolls of amnesia
 n - a scroll of teleportation
 r - a scroll of identify
 x - 2 scrolls of remove curse
Comestibles
 f - 4 bread rations


   Skills:
 + Level 1.7 Fighting
 + Level 0.6 Long Blades
 + Level 4.0 Bows
 + Level 1.8 Armour
 + Level 2.9 Dodging
 + Level 1.2 Stealth
 + Level 0.2 Shields


You had 3 spell levels left.
You didn't know any spells.

Dungeon Overview and Level Annotations

Branches:
Dungeon (6/15)
 Temple: D:4-7

Altars:
Dithmenos
Ru
Sif Muna

Annotations:
D:3 ololoev's ghost, weakling DsFi


Innate Abilities, Weirdness & Mutations

You are resistant to damage.
You can recharge devices by infusing magical energy.
You passively map a small area around you.
You do not regenerate naturally.
You have sharp fingernails.


Message History

Found a stone staircase leading up. 2 wights come into view.
You see here a scroll of remove curse.
You see here a scroll of remove curse.
x - 2 scrolls of remove curse (gained 1)
A wight comes into view. It is wielding an enchanted long sword.
You block the wight's attack.
You hit the wight.
The wight is lightly damaged.
You block the wight's attack.
The wight hits you with an enchanted morningstar.
* * * LOW HITPOINT WARNING * * *
You closely miss the wight.
The wight is lightly damaged.
The wight hits you with a scimitar of freezing.
The wight freezes you. You block the wight's attack.
You hit the wight.
The wight is moderately damaged.
The wight hits you with a scimitar of freezing!
You die...

, ,, , #..........#. , *
.Z....... #............
......... #............
, *
......$.###............
.........#...........#
#.......#.........#,
#.......#.........# ,, ,
...#.......#....@z...#,
, ...##......#....z....#
.....................# ,
...................z...
..#.........#####...#...
,
#.#......########..<....
,
#.......................
..................#....
*
..................#.##.


You could see 3 wights.

Vanquished Creatures
  A giant frog skeleton (D:6)
  3 adders
  2 worms
  2 giant geckos
  4 bats
  8 giant cockroaches
  9 goblins
  4 hobgoblins
  9 kobolds
  3 quokkas
  A ball python (D:2)
  A giant newt (D:1)
  8 rats
55 creatures vanquished.

Notes
Turn   | Place    | Note
--------------------------------------------------------------
     0 | D:1      | SwimG the Deep Dwarf Hunter began the quest for the Orb.
     0 | D:1      | Reached XP level 1. HP: 19/19 MP: 1/1
    38 | D:1      | Reached skill level 3 in Bows
   156 | D:1      | Reached XP level 2. HP: 26/26 MP: 2/2
   856 | D:2      | Reached XP level 3. HP: 14/32 MP: 3/3
  1076 | D:2      | Found a sacrificial altar of Ru.
  1201 | D:2      | Found a shadowy altar of Dithmenos.
  1255 | D:2      | Gained mutation: You have sharp fingernails. [potion of beneficial mutation]
  1421 | D:2      | Found a deep blue altar of Sif Muna.
  1740 | D:3      | Noticed ololoev's ghost (weakling DsFi)
  1864 | D:3      | Reached skill level 1 in Armour
  1874 | D:3      | Reached XP level 4. HP: 15/39 MP: 4/4
  2007 | D:3      | Reached skill level 4 in Bows
  2249 | D:3      | You fall through a shaft for 3 floors!
  2299 | D:6      | Slain by a wight

Action                   |  1- 3 |  4- 6 || total
-------------------------+-------+-------++-------
Melee: Long sword        |    11 |    45 ||    56
 Fire: Shortbow          |   110 |       ||   110
  Use: Potion            |     6 |     1 ||     7
       Scroll            |     3 |       ||     3
  Eat: Bread ration      |     1 |       ||     1
       Pizza             |     1 |       ||     1
